 Dungeon Crawl Stone Soup version 0.26-a0-971-g1d9d62bb61 (webtiles) character file.

Game seed: 1169957507019580737

16137 siradein the Thaumaturge (level 12, -5/94 HPs)
             Began as a Gnoll Warper on Dec 4, 2020.
             Was a High Priest of Okawaru.
             Slain by a boulder beetle (29 damage)
             ... on level 7 of the Dungeon on Dec 5, 2020.
             The game lasted 00:46:21 (15115 turns).

siradein the Thaumaturge (Gnoll Warper)            Turns: 15115, Time: 00:46:21

Health: -5/94      AC: 21    Str: 14    XL:     12   Next: 34%
Magic:  24/24      EV:  8    Int: 16    God:    Okawaru [*****.]
Gold:   801        SH:  6    Dex: 19    Spells: 28/28 levels left

rFire    + + .     SeeInvis +   y - +8 spear "Jezodos" {vamp, *Corrode +Inv rPois rF++}
rCold    + . .     Faith    .   E - +0 buckler
rNeg     . . .     Spirit   .   i - +1 plate armour
rPois    +         Reflect  .   q - +2 hat
rElec    .         Harm     .   s - +0 cloak
rCorr    +         Rampage  .   f - +0 pair of gloves
MR       .....     Clarity  +   (no boots)
Stlth    ..........             (no amulet)
HPRegen  0.25/turn              h - ring of see invisible
MPRegen  0.19/turn              B - ring of resist corrosion

@: no status effects
A: distributed training, fangs 1, icy blue scales 1, clarity, cold resistance 1,
strong nose
a: Heroism, Finesse, Renounce Religion, Evoke Invisibility


You were on level 7 of the Dungeon.
You worshipped Okawaru.
Okawaru was extremely pleased with you.
You visited 3 branches of the dungeon, and saw 13 of its levels.

You collected 801 gold pieces.

Inventory:

Hand Weapons
 a - a +2 whip of freezing
 r - a +2 quarterstaff of chaos
 y - the +8 spear "Jezodos" (weapon) {vamp, *Corrode +Inv rPois rF++}
   (You found it on level 5 of the Dungeon)

   It inflicts no extra harm, but heals its wielder when it wounds a living foe.
   It greatly protects you from fire.
   It protects you from poison.
   It lets you turn invisible.
   It may corrode you when you take damage.
 C - a +3 long sword of flaming
Missiles
 e - 5 boomerangs of dispersal (quivered)
 o - 55 poisoned darts
 G - 31 boomerangs
Armour
 f - a +0 pair of gloves (worn)
 i - a +1 plate armour (worn)
 q - a +2 hat (worn)
 s - a +0 cloak (worn)
 E - a +0 buckler (worn)
Jewellery
 h - a ring of see invisible (left hand)
 u - an uncursed ring of fire
 v - an uncursed ring of poison resistance
 B - a ring of resist corrosion (right hand)
 N - an uncursed amulet of regeneration {unknown}
Wands
 c - a wand of random effects (28)
 n - a wand of paralysis (8)
 w - a wand of flame (28)
 M - a wand of iceblast (10)
Scrolls
 b - a scroll of acquirement {unknown}
 d - 2 scrolls of blinking
 j - 8 scrolls of remove curse
 k - 4 scrolls of teleportation
 t - 11 scrolls of identify
 x - a scroll of enchant weapon
 D - a scroll of brand weapon {unknown}
 F - a scroll of summoning {unknown}
 H - 2 scrolls of fear
 I - 4 scrolls of enchant armour
Potions
 g - a potion of invisibility
 l - a potion of might
 m - 2 potions of haste
 p - 3 potions of cancellation
 z - a potion of curing
 A - a potion of magic
 J - a potion of berserk rage {unknown}
 K - a potion of brilliance
 L - a potion of flight
 O - a potion of mutation


   Skills:
 + Level 8.6 Fighting
 + Level 7.2 Short Blades
 + Level 7.2 Long Blades
 + Level 8.6 Axes
 + Level 7.2 Maces & Flails
 + Level 7.2 Polearms
 + Level 7.2 Staves
 + Level 7.2 Slings
 + Level 7.2 Bows
 + Level 7.2 Crossbows
 + Level 7.7 Throwing
 + Level 7.7 Armour
 + Level 8.6 Dodging
 + Level 7.2 Stealth
 + Level 7.2 Shields
 + Level 7.2 Unarmed Combat
 + Level 8.9 Spellcasting
 + Level 6.0 Conjurations
 + Level 6.0 Hexes
 + Level 6.0 Summonings
 + Level 6.0 Necromancy
 + Level 8.2 Translocations
 + Level 6.0 Transmutations
 + Level 6.0 Fire Magic
 + Level 6.0 Ice Magic
 + Level 6.0 Air Magic
 + Level 6.0 Earth Magic
 + Level 6.0 Poison Magic
 + Level 7.9 Invocations
 + Level 7.2 Evocations


You had 28 spell levels left.
You didn't know any spells.
Your spell library contained the following spells:

 Spells                   Type           Power        Failure   Level
 Blink                    Tloc           N/A          30%         2
 Gell's Gravitas          Tloc           ####......   52%         3
 Lesser Beckoning         Tloc           ####......   52%         3
 Teleport Other           Tloc           ####....     52%         3
 Passage of Golubria      Tloc           N/A          90%         4


Dungeon Overview and Level Annotations

Branches:
Dungeon (11/15)            Temple (1/1) D:7            Lair (1/6) D:10
    Orc (0/2) D:9

Altars:
Ashenzari
Cheibriados
Dithmenos
Elyvilon
Fedhas
Gozag
Hepliaklqana
Kikubaaqudgha
Makhleb
Nemelex Xobeh
Okawaru
Qazlal
Ru
Sif Muna
Trog
Uskayaw
Vehumet
Wu Jian
Xom
Yredelemnul
Zin
The Shining One

Annotations:
D:7 1 transporter


Innate Abilities, Weirdness & Mutations

Your experience applies equally to all skills.
You have very sharp teeth.
Your uncanny sense of smell can sniff out nearby items.
You are partially covered in icy blue scales. (AC +2)
You possess an exceptional clarity of mind.
Your flesh is cold resistant. (rC+)


Message History

You now have 762 gold pieces (gained 9).
You see here 5 gold pieces.
You see here 19 gold pieces.
You see here 15 gold pieces.
You see here a robe.
You see here a scroll of fear.
H - 2 scrolls of fear (gained 1)
The boulder beetle bites you!
* * * LOW HITPOINT WARNING * * *
The boulder beetle leaps!
The boulder beetle leaps!
You now have 767 gold pieces (gained 5).
There are no items here.
You see here 19 gold pieces.
You now have 786 gold pieces (gained 19).
The boulder beetle curls into a ball and begins rolling!
You see here 15 gold pieces.
You now have 801 gold pieces (gained 15).
The boulder beetle hits you!!
You die...

....[.......#########......#
#.#
###...#'##.##8.....8##.....#
#.#
#####.#....#.........#.#####
### ....#.#....#.##.©.##.#.#
....#.#....#.##...##.#.#
...........#©........#.#
#....##.##.#.##...##.#.#
#.......##.#°##...##.#.#
#....#..##.#.°○B@[...#.#
#.##.#..##.##8.___$8##.#
...#.#..##..#########..#
#..#.#..###.....©.....##
...#.#..# #.......#####
...^....###.##...##
...#.##)....######
##.#...###### #.###.#


You could see a boulder beetle.

Vanquished Creatures
  A hydra (D:11)
  Erolcha (D:10)
  An unseen horror (D:11)
  Pikel (D:7)
  An oklob plant (D:10)
  A cyclops (D:11)
  2 manticores (D:11)
  A cane toad (Lair:1)
  Maggie (D:6)
  A centaur skeleton (D:11)
  A komodo dragon (Lair:1)
  A polar bear (Lair:1)
  A slime creature (D:11)
  Grinder (D:3)
  Sigmund (D:6)
  18 yaks
  4 wyverns
  Grum (D:8)
  4 wargs (D:9)
  An acid dragon (D:11)
  4 water moccasins
  3 ice beasts
  A sky beast (D:11)
  A black bear (D:11)
  11 orc warriors
  2 phantoms
  3 wolves (D:8)
  6 ogres
  5 centaurs
  5 bullfrogs
  2 big kobolds
  2 scorpions
  9 killer bees
  4 wights (D:8)
  An electric eel (Lair:1)
  7 jellies
  2 centaur zombies
  A quasit (D:4)
  6 hounds
  Crazy Yiuf (D:3)
  A bullfrog skeleton (D:5)
  9 orc priests
  9 orc wizards
  10 iguanas
  8 worker ants
  A howler monkey zombie (D:7)
  3 gnolls (D:5)
  8 adders
  5 shadow imps
  2 white imps
  6 ufetubi
  6 oozes
  An adder skeleton (D:7)
  An adder zombie (D:5)
  2 worms
  3 dart slugs
  11 leopard geckos
  52 orcs
  6 giant cockroaches
  6 goblins
  2 hobgoblins
  2 jackals
  14 kobolds
  7 quokkas
  6 bats
  6 frilled lizards
  10 rats
317 creatures vanquished.

Vanquished Creatures (others)
  A human (D:10)
  2 fungi (Lair:1)
  4 plants
7 creatures vanquished.

Grand Total: 324 creatures vanquished

Notes
Turn   | Place    | Note
-------+----------+-------------------------------------------
     0 | D:1      | siradein the Gnoll Warper began the quest for the Orb.
     0 | D:1      | Reached XP level 1. HP: 20/20 MP: 6/6
   259 | D:1      | Reached XP level 2. HP: 17/26 MP: 7/7
   859 | D:2      | Found a shimmering blue altar of Sif Muna.
   902 | D:2      | Reached skill level 5 in Spellcasting
   902 | D:2      | Reached XP level 3. HP: 4/31 MP: 7/9
   903 | D:2      | HP: 1/31 [frilled lizard (1)]
   907 | D:2      | Gained mutation: You are partially covered in icy blue
                  | scales. (AC +2) [potion of mutation]
   907 | D:2      | Gained mutation: You possess an exceptional clarity of
                  | mind. [potion of mutation]
   907 | D:2      | Gained mutation: Your flesh is cold resistant. (rC+)
                  | [potion of mutation]
   975 | D:2      | Reached skill level 1 in Invocations
  1123 | D:2      | Reached skill level 1 in Short Blades
  1123 | D:2      | Reached skill level 1 in Long Blades
  1123 | D:2      | Reached skill level 1 in Maces & Flails
  1123 | D:2      | Reached skill level 1 in Polearms
  1123 | D:2      | Reached skill level 1 in Staves
  1123 | D:2      | Reached skill level 1 in Slings
  1123 | D:2      | Reached skill level 1 in Bows
  1123 | D:2      | Reached skill level 1 in Crossbows
  1123 | D:2      | Reached skill level 1 in Stealth
  1123 | D:2      | Reached skill level 1 in Shields
  1123 | D:2      | Reached skill level 1 in Unarmed Combat
  1123 | D:2      | Reached skill level 1 in Evocations
  1280 | D:2      | Reached XP level 4. HP: 33/38 MP: 11/11
  1517 | D:2      | Found a sparkling altar of Nemelex Xobeh.
  1578 | D:3      | Noticed Grinder
  1602 | D:3      | Paralysed by Grinder for 6 turns
  1611 | D:3      | Killed Grinder
  1612 | D:3      | Reached skill level 1 in Conjurations
  1612 | D:3      | Reached skill level 1 in Hexes
  1612 | D:3      | Reached skill level 1 in Summonings
  1612 | D:3      | Reached skill level 1 in Necromancy
  1612 | D:3      | Reached skill level 1 in Transmutations
  1612 | D:3      | Reached skill level 1 in Fire Magic
  1612 | D:3      | Reached skill level 1 in Ice Magic
  1612 | D:3      | Reached skill level 1 in Air Magic
  1612 | D:3      | Reached skill level 1 in Earth Magic
  1612 | D:3      | Reached skill level 1 in Poison Magic
  1612 | D:3      | Reached XP level 5. HP: 13/43 MP: 12/12
  1612 | D:3      | Reached XP level 6. HP: 15/50 MP: 13/13
  2045 | D:3      | Reached skill level 5 in Fighting
  2045 | D:3      | Reached skill level 5 in Axes
  2045 | D:3      | Reached skill level 5 in Dodging
  2586 | D:3      | Found a runed translucent door.
  2587 | D:3      | Noticed Crazy Yiuf
  2897 | D:3      | Killed Crazy Yiuf
  3259 | D:4      | Reached XP level 7. HP: 43/56 MP: 15/15
  4153 | D:5      | Entered Level 5 of the Dungeon
  4563 | D:5      | Got a polished spear
  4570 | D:5      | Identified the +8 spear "Jezodos" {vamp, *Corrode +Inv
                  | rPois rF++} (You found it on level 5 of the Dungeon)
  4885 | D:6      | Noticed Sigmund
  4898 | D:6      | Killed Sigmund
  4899 | D:6      | Reached XP level 8. HP: 59/63 MP: 16/16
  4937 | D:6      | Noticed Maggie
  4963 | D:6      | Killed Maggie
  5512 | D:6      | Found a shimmering altar of Xom.
  5551 | D:6      | Reached XP level 9. HP: 69/69 MP: 18/18
  5639 | D:7      | Noticed Pikel
  5670 | D:7      | Killed Pikel
  5671 | D:7      | Reached skill level 5 in Throwing
  5671 | D:7      | Reached skill level 5 in Armour
  5856 | D:7      | Found a staircase to the Ecumenical Temple.
  5871 | Temple   | Entered the Ecumenical Temple
  6376 | D:7      | Found a bloodstained altar of Trog.
  6376 | D:7      | Found a sacrificial altar of Ru.
  6377 | D:7      | Found a shimmering altar of Xom.
  6377 | D:7      | Noticed a boulder beetle
  6379 | D:7      | Found a transporter.
  6393 | D:7      | Found a transporter.
  6513 | D:7      | Reached skill level 5 in Invocations
  7465 | D:8      | Reached XP level 10. HP: 71/77 MP: 20/20
  7848 | D:8      | Noticed Grum
  7864 | D:8      | Reached skill level 5 in Short Blades
  7864 | D:8      | Reached skill level 5 in Long Blades
  7864 | D:8      | Reached skill level 5 in Maces & Flails
  7864 | D:8      | Reached skill level 5 in Polearms
  7864 | D:8      | Reached skill level 5 in Staves
  7864 | D:8      | Reached skill level 5 in Slings
  7864 | D:8      | Reached skill level 5 in Bows
  7864 | D:8      | Reached skill level 5 in Crossbows
  7864 | D:8      | Reached skill level 5 in Stealth
  7864 | D:8      | Reached skill level 5 in Shields
  7864 | D:8      | Reached skill level 5 in Unarmed Combat
  7864 | D:8      | Reached skill level 5 in Evocations
  7943 | D:8      | Killed Grum
  8355 | D:8      | Found a white marble altar of Elyvilon.
  8449 | D:8      | Found an iron altar of Okawaru.
  8521 | D:8      | Became a worshipper of Warmaster Okawaru
  9027 | D:9      | Found a staircase to the Orcish Mines.
  9256 | D:9      | Reached * piety under Okawaru
  9607 | D:9      | Reached XP level 11. HP: 74/84 MP: 22/22
  9626 | D:9      | Reached ** piety under Okawaru
 10003 | D:9      | Reached skill level 5 in Conjurations
 10003 | D:9      | Reached skill level 5 in Hexes
 10003 | D:9      | Reached skill level 5 in Summonings
 10003 | D:9      | Reached skill level 5 in Necromancy
 10003 | D:9      | Reached skill level 5 in Transmutations
 10003 | D:9      | Reached skill level 5 in Fire Magic
 10003 | D:9      | Reached skill level 5 in Ice Magic
 10003 | D:9      | Reached skill level 5 in Air Magic
 10003 | D:9      | Reached skill level 5 in Earth Magic
 10003 | D:9      | Reached skill level 5 in Poison Magic
 10151 | D:10     | Entered Level 10 of the Dungeon
 10367 | D:10     | Noticed an oklob plant
 10599 | D:10     | Found an ancient bone altar of Kikubaaqudgha.
 10785 | D:10     | Reached *** piety under Okawaru
 10938 | D:10     | Noticed Erolcha
 10963 | D:10     | Killed Erolcha
 11496 | D:10     | Found a staircase to the Lair.
 12025 | D:10     | Killed an oklob plant
 12025 | D:10     | Received a gift from Okawaru
 12236 | Lair:1   | Entered Level 1 of the Lair of Beasts
 12381 | Lair:1   | HP: 3/86 [komodo dragon (23)]
 13135 | Lair:1   | Noticed a seven-headed hydra
 13250 | Lair:1   | Reached **** piety under Okawaru
 13670 | D:11     | Noticed a cyclops
 13695 | D:11     | Killed a cyclops
 13810 | D:11     | Reached XP level 12. HP: 94/94 MP: 24/24
 14199 | D:11     | Reached ***** piety under Okawaru
 14367 | D:11     | Noticed a five-headed hydra
 14382 | D:11     | Killed a five-headed hydra
 14469 | D:11     | Found a shadowy altar of Dithmenos.
 14517 | D:11     | Received a gift from Okawaru
 15115 | D:7      | Slain by a boulder beetle

Illustrated notes

Levels and vault maps discovered:
D:1:      lightli_arrival_statue_moat, layout_rooms, serial_aquarium,
          aquarium_bridge_long_separate [aquarium_subvault_bridge,
          aquarium_subvault_bridge, aquarium_subvault_bridge,
          aquarium_subvault_bridge, aquarium_subvault_wall,
          aquarium_subvault_bridge], aquarium_bridge_straight
          [aquarium_subvault_bridge, aquarium_subvault_wall,
          aquarium_subvault_bridge, aquarium_subvault_window],
          aquarium_window_corridor_1, aquarium_window_2, aquarium_window_1,
          aquarium_window_corner, aquarium_view_4, aquarium_view_2c,
          aquarium_balcony_5b
D:2:      layout_loops_cross, lemuel_round_altar, minmay_crystal_room,
          nemelex_dance_club_becter
D:3:      layout_loops_cross, grunt_decor_fettered, uniq_crazy_yiuf_cottage,
          uniq_grinder
D:4:      layout_basic
D:5:      layout_cave_pools, hangedman_abyss_or_decor_stabs
D:6:      layout_rooms, basic_altar, uniq_sigmund, uniq_maggie
D:7:      layout_basic, gammafunk_temple_overflow_arena,
          minmay_temple_entry_slanted, uniq_pikel
D:8:      layout_gridville, lemuel_round_altar, overflow_temple_1_default,
          uniq_grum
D:9:      layout_long_grid, minmay_orc_entry_guard_dogs
D:10:     layout_gridville, dpeg_oklobed_lair, minivault_23, tgw_kikubaaqudgha,
          uniq_erolcha
D:11:     layout_roguey, basic_altar, special_room [special_room_orc],
          hangedman_little_slice_of_home
Temple:   regret_index_temple_sphere_string
Lair:1:   layout_small_grid, chequers_serial_rivers_micro_b, grunt_megastairs_4,
          serial_bayou_shore_a, infiniplex_staircase_pool

Skill      XL: |  1  2  3  4  5  6  7  8  9 10 11 12 |
---------------+-------------------------------------+-----
Spellcasting   | 5 6 7 8 |  8.9
Invocations    | 1 2 3 4 5 6 7 |  7.9
Short Blades   | 1 2 3 4 5 6 7 |  7.2
Long Blades    | 1 2 3 4 5 6 7 |  7.2
Maces & Flails | 1 2 3 4 5 6 7 |  7.2
Polearms       | 1 2 3 4 5 6 7 |  7.2
Staves         | 1 2 3 4 5 6 7 |  7.2
Slings         | 1 2 3 4 5 6 7 |  7.2
Bows           | 1 2 3 4 5 6 7 |  7.2
Crossbows      | 1 2 3 4 5 6 7 |  7.2
Stealth        | 1 2 3 4 5 6 7 |  7.2
Shields        | 1 2 3 4 5 6 7 |  7.2
Unarmed Combat | 1 2 3 4 5 6 7 |  7.2
Evocations     | 1 2 3 4 5 6 7 |  7.2
Throwing       | 3 4 5 6 7 |  7.7
Armour         | 3 4 5 6 7 |  7.7
Conjurations   | 1 2 3 4 5 6 |  6.0
Hexes          | 1 2 3 4 5 6 |  6.0
Summonings     | 1 2 3 4 5 6 |  6.0
Necromancy     | 1 2 3 4 5 6 |  6.0
Transmutations | 1 2 3 4 5 6 |  6.0
Fire Magic     | 1 2 3 4 5 6 |  6.0
Ice Magic      | 1 2 3 4 5 6 |  6.0
Air Magic      | 1 2 3 4 5 6 |  6.0
Earth Magic    | 1 2 3 4 5 6 |  6.0
Poison Magic   | 1 2 3 4 5 6 |  6.0
Fighting       | 5 6 7 8 |  8.6
Axes           | 5 6 7 8 |  8.6
Dodging        | 5 6 7 8 |  8.6
Translocations | 6 7 8 |  8.2

Action                   |  1- 3 |  4- 6 |  7- 9 | 10-12 || total
-------------------------+-------+-------+-------+-------++-------
Melee: Hand axe          |    82 |    50 |       |       ||   132
       Bite              |     9 |    14 |    44 |   137 ||   204
       Great sword       |    11 |    93 |       |       ||   104
       Whip              |       |    23 |   150 |       ||   173
       Spear             |       |       |   322 |  1091 ||  1413
       Punch             |       |       |     6 |    18 ||    24
Invok: Heroism           |       |       |       |     3 ||     3
 Abil: Evoke Invisibilit |       |       |       |     1 ||     1
  Use: Potion            |     4 |       |       |    13 ||    17
       Scroll            |       |       |     7 |     5 ||    12
 Stab: Invisible         |       |       |       |     2 ||     2
Armor: Leather armour    |    17 |       |       |       ||    17
       Plate armour      |    19 |   121 |   416 |   551 ||  1107
Dodge: Dodged            |    58 |    57 |   171 |   270 ||   556
Block: Buckler           |       |       |       |    89 ||    89
       Rpst.: Great sword |       |    13 |       |       ||    13

Table legend: (Time is in decaauts)
 A = Elapsed time spent in this place.
 B = Non-inter-level travel time spent in this place.
 C = Inter-level travel time spent in this place.
 D = Time resting spent in this place.
 E = Time spent auto-exploring this place.
 F = Levels seen in this place.
 G = Mean time per level.
                   A        B        C        D        E       F      G
               +--------+--------+--------+--------+--------+-----+--------+
         Total |  14908 |  14541 |    367 |    615 |  10227 |  13 | 1146.8 |
       Dungeon |  13607 |  13240 |    367 |    615 |   9427 |  11 | 1237.0 |
        Temple |    253 |    253 |      0 |      0 |    120 |   1 |  253.0 |
          Lair |   1047 |   1047 |      0 |      0 |    680 |   1 | 1047.0 |
               +--------+--------+--------+--------+--------+-----+--------+

Top non-repeatable levels by time:
    D:10: 2067 daAuts
     D:3: 1647 daAuts
     D:7: 1644 daAuts
     D:8: 1461 daAuts
    D:11: 1427 daAuts
     D:9: 1300 daAuts
     D:4: 1102 daAuts
  Lair:1: 1047 daAuts
     D:1: 796 daAuts
     D:2: 774 daAuts
     D:6: 762 daAuts
     D:5: 623 daAuts
  Temple: 253 daAuts
